 Dungeon Crawl Stone Soup version 0.30-a0-137-gd8773701ce (webtiles) character file.

Game seed: 6827216509004475319

3806 blackman the Markself (level 9, -6/46 HPs)
             Began as a Deep Elf Hexslinger on Sept 21, 2022.
             Was a Believer of Ashenzari.
             Mangled by a wolf (8 damage)
             ... led by Grum
             ... on level 8 of the Dungeon.
             The game lasted 00:30:51 (11576 turns).

blackman the Markself (Deep Elf Hexslinger)        Turns: 11576, Time: 00:30:51

Health: -6/46      AC:  4    Str:  7    XL:     9   Next: 96%
Magic:  8/17       EV: 17    Int: 21    God:    Ashenzari [**....]
Gold:   626        SH:  0    Dex: 17    Spells: 5/16 levels left

rFire   . . .      SeeInvis +    D - +0 shortbow "Cursed With Me" {Alch, Range} (curse)
rCold   . . .      Faith    .    (shield currently unavailable)
rNeg    . . .      Spirit   .    c - +0 robe "Seer of Ashenzari" {Elem, Evo} (curse)
rPois   .          Reflect  .    (no helmet)
rElec   .          Harm     .    (no cloak)
rCorr   .          Rampage  .    (no gloves)
Will    .....                    (no boots)
Stlth   ++........               (no amulet)
HPRegen 0.15/turn                j - ring "Share My Scepticism" {EV+4, Elem, Range} (curse)
MPRegen 0.15/turn                (no ring)

@: very slightly contaminated
A: iridescent scales 1
a: Renounce Religion, Shatter the Chains


You were on level 8 of the Dungeon.
You worshipped Ashenzari.
Ashenzari was pleased with you.
You visited 2 branches of the dungeon, and saw 10 of its levels.

You collected 626 gold pieces.

Inventory:

Hand Weapons
 u - a +2 sling of freezing
 D - the cursed +0 shortbow "Cursed With Me" (weapon) {Alch, Range}
   (You took it off a centaur on level 7 of the Dungeon)

   It has a curse which improves the following skills: Alchemy: Poison Magic and
   Transmutations.
   Ranged Combat: Ranged Weapons and Throwing.
Missiles
 s - 13 poisoned darts
 G - 2 boomerangs
Armour
 c - the cursed +0 robe "Seer of Ashenzari" (worn) {Elem, Evo}

   It has a curse which improves the following skills: Elements: Fire Magic, Ice
   Magic, Air Magic and Earth Magic.
   Evocations: Evocations.
Jewellery
 e - a +6 ring of strength
 i - a ring of wizardry
 j - the cursed ring "Share My Scepticism" (left hand) {EV+4, Elem, Range}
   (You took it off an orc on level 3 of the Dungeon)

   [ring of evasion]

   EV:        It affects your evasion (+4).
   It has a curse which improves the following skills: Elements: Fire Magic, Ice
   Magic, Air Magic and Earth Magic.
   Ranged Combat: Ranged Weapons and Throwing.
 x - a ring of flight
 B - a ring of wizardry
 E - a +6 ring of intelligence
Wands
 k - a wand of roots (12)
 C - a wand of polymorph (8)
 F - a wand of flame (9)
Scrolls
 a - a scroll of brand weapon
 b - 2 scrolls of poison
 g - 4 scrolls of vulnerability
 h - 3 scrolls of teleportation
 m - a scroll of magic mapping
 n - a scroll of amnesia
 q - a scroll of butterflies
 v - 3 scrolls of identify
 y - a scroll of immolation
 z - 2 scrolls of fear
Potions
 d - 4 potions of magic
 f - 2 potions of haste
 l - a potion of might
 o - 5 potions of curing
 p - a potion of mutation
 r - 2 potions of flight
 t - 2 potions of resistance
 w - a potion of cancellation
 A - a potion of heal wounds


   Skills:
 - Level 0.7 Fighting
 - Level 15.6(17.4) Ranged Weapons
 * Level 2.6 Dodging
 - Level 4.0 Spellcasting
 - Level 9.6 Hexes
 - Level 1.8(3.2) Fire Magic


You had 5 spell levels left.
You knew the following spells:

 Your Spells              Type           Power      Damage    Failure   Level
a - Slow                  Hex            100%       N/A       1%          1
b - Inner Flame           Hex/Fire       31%        N/A       2%          3
c - Cause Fear            Hex            22%        N/A       2%          4
d - Portal Projectile     Hex/Tloc       48%        N/A       4%          3

Your spell library contained the following spells:

 Spells                   Type           Power      Damage    Failure   Level
 Beastly Appendage        Tmut           8%         N/A       12%         1
 Magic Dart               Conj           16%        1d3       12%         1
 Cigotuvi's Dreadful Rot  Necr/Pois/Air  8%         N/A       17%         2
 Wereblood                Tmut           4%         N/A       17%         2
 Call Imp                 Summ           4%         N/A       19%         2
 Gell's Gravitas          Tloc           4%         N/A       34%         3
 Lesser Beckoning         Tloc           4%         N/A       34%         3
 Mephitic Cloud           Conj/Pois/Air  4%         N/A       34%         3
 Spider Form              Tmut/Pois      4%         N/A       34%         3
 Teleport Other           Tloc           4%         N/A       34%         3


Dungeon Overview and Level Annotations

Branches:
Dungeon (9/15)             Temple (1/1) D:4
   Lair: D:8-11         Orc: D:9-12

Altars:
Ashenzari
Cheibriados
Dithmenos
Elyvilon
Fedhas
Gozag
Hepliaklqana
Kikubaaqudgha
Makhleb
Nemelex Xobeh
Okawaru
Qazlal
Ru
Sif Muna
Uskayaw
Vehumet
Wu Jian
Xom
Zin
The Shining One

Shops:
D:5 :

Annotations:
D:6 2 transporters, Taurus's ghost, novice MiFi
D:7 1 runed translucent door, pigah's ghost, novice OpAE
D:9 Grum


Innate Abilities, Weirdness & Mutations

You are partially covered in iridescent scales. (AC +2)


Message History

Casting: Slow (safe; 1% risk of failure)
Confirm with . or Enter, or press ? or * to list all spells.
Aiming: Slow (safe; 1% risk of failure)
Press: ? - help, Shift-Dir - straight line, f/p - wyvern
Aim: a wyvern (slow, chance to affect: 64%)
Okay, then.
Unknown command.
Fire: D) +0 shortbow "Cursed With Me" {Alch, Range} (curse)
Press: ? - help, Shift-Dir - straight line, f - wolf, p - wyvern
Aim: a wolf (asleep, 98% to hit)
You shoot an arrow. The arrow hits the wolf!
The wolf howls!
The wolf is heavily wounded.
You hear a howl!
A wolf comes into view.
The wyvern closely misses you.
Casting: Slow (safe; 1% risk of failure)
Confirm with . or Enter, or press ? or * to list all spells.
Casting: Cause Fear (dangerous; 2% risk of failure)
Press: ? - help, Dir - look around, f - activate Grum easily resists.
The wolf easily resists.
The wolf resists with some effort.
The wyvern looks frightened!
The wolf bites you. The wolf barely misses you. The wolf bites you.
There is a stone staircase leading up here.
The wolf bites you! x2
* * * LOW HITPOINT WARNING * * *
Grum misses you. The wolf bites you.
* * * LOW HITPOINT WARNING * * *
The wolf bites you.
* * * LOW HITPOINT WARNING * * *
You climb upwards.
There is a stone staircase leading down here.
Casting: Cause Fear (dangerous; 2% risk of failure)
Confirm with . or Enter, or press ? or * to list all spells.
Casting: Cause Fear (dangerous; 2% risk of failure)
Press: ? - help, Dir - look around, f - activate You miscast Cause Fear.
You are very lightly contaminated with residual magic.
Nothing appears to happen.
The wolf bites you!
You die...

########
##.......#
##.......##
##(.......##
###..####
#..........# #..#
# #.........##
###..# #
#.........#
##.#..# #
#........##
##.....#####
#........#
#......)....
##....h..#
##..>........
##....@.#
#.......#####
##...h.###.......#
#
####...##.......#
# #...####.....# #
#...# ##.....# # #
#...###..##..# #
### #...##..######
..## #......##
...#
########.......###


You could see 2 wolves.

Vanquished Creatures
  A two-headed ogre (D:8)
  Maggie (D:7)
  2 wyverns
  An ice beast (D:5)
  2 sky beasts
  4 black bears
  3 ogres
  3 centaurs
  2 phantoms
  2 bullfrogs
  A scorpion (D:5)
  2 necrophages (D:6)
  3 wights (D:7)
  A howler monkey (D:6)
  4 hounds
  A quasit (D:6)
  4 orc priests
  A gnoll bouda (D:5)
  2 jellies
  Jessica (D:2)
  2 iguanas
  6 orc wizards
  Robin (D:2)
  9 adders
  3 gnolls (D:5)
  A shadow imp (D:4)
  A white imp (D:5)
  4 ufetubi
  4 dart slugs
  27 orcs
  8 ball pythons
  3 bats
  10 endoplasms
  5 giant cockroaches
  8 goblins
  9 hobgoblins
  9 jackals
  11 kobolds
  5 quokkas
  4 frilled lizards
  A goblin zombie (D:6)
  A hobgoblin zombie (D:6)
  A kobold skeleton (D:6)
  3 orc skeletons (D:6)
  2 orc zombies (D:6)
  23 rats
202 creatures vanquished.

Notes
Turn   | Place    | Note
-------+----------+-------------------------------------------
     0 | D:1      | blackman the Deep Elf Hexslinger began the quest for the
                  | Orb.
     0 | D:1      | Reached XP level 1. HP: 11/11 MP: 5/5
    36 | D:1      | Reached skill level 3 in Ranged Weapons
    74 | D:1      | Reached skill level 1 in Fire Magic
   118 | D:1      | Reached XP level 2. HP: 15/16 MP: 6/6
   559 | D:1      | Reached XP level 3. HP: 16/20 MP: 7/7
   705 | D:1      | Found a faded altar of an unknown god.
   916 | D:2      | Noticed Jessica
   940 | D:2      | Killed Jessica
   941 | D:2      | Reached skill level 4 in Ranged Weapons
  1358 | D:2      | Reached XP level 4. HP: 24/24 MP: 8/8
  1619 | D:2      | Got Jessica's Commentary on Blasphemous Mysteries
  1736 | D:2      | Noticed Robin
  2318 | D:1      | Learned a level 3 spell: Inner Flame
  2459 | D:2      | Killed Robin
  2460 | D:2      | Reached skill level 5 in Hexes
  2462 | D:2      | Reached skill level 5 in Ranged Weapons
  2897 | D:3      | Gained mutation: You are partially covered in iridescent
                  | scales. (AC +2) [potion of mutation]
  2921 | D:3      | Reached XP level 5. HP: 26/28 MP: 9/9
  3272 | D:3      | Found an ornate altar of the Wu Jian Council.
  3273 | D:3      | Found an iron altar of Okawaru.
  3346 | D:3      | HP: 1/28 [orc priest/divine providence (12)]
  3457 | D:3      | Reached skill level 6 in Ranged Weapons
  4095 | D:3      | Found a shimmering blue altar of Sif Muna.
  5557 | D:4      | Reached XP level 6. HP: 31/33 MP: 10/10
  5608 | D:4      | Found a hazy altar of Hepliaklqana.
  5828 | D:4      | Found a blossoming altar of Fedhas.
  5829 | D:4      | Found a white marble altar of Elyvilon.
  5863 | D:4      | Reached skill level 7 in Ranged Weapons
  5993 | D:4      | Found a staircase to the Ecumenical Temple.
  6250 | Temple   | Entered the Ecumenical Temple
  6272 | Temple   | Became a worshipper of Ashenzari the Shackled
  6787 | D:5      | Entered Level 5 of the Dungeon
  6847 | D:5      | Reached skill level 8 in Ranged Weapons
  6847 | D:5      | Reached XP level 7. HP: 14/37 MP: 12/14
  7544 | D:5      | Found Xeshen's Book Shoppe.
  7625 | D:5      | Reached skill level 9 in Ranged Weapons
  7846 | D:5      | Reached * piety under Ashenzari
  7921 | D:5      | Reached skill level 10 in Ranged Weapons
  8398 | D:6      | Reached XP level 8. HP: 41/42 MP: 14/16
  8406 | D:6      | Found a glowing golden altar of the Shining One.
  8564 | D:6      | Found a transporter.
  8567 | D:6      | Noticed Taurus's ghost (novice MiFi)
  8578 | D:6      | Reached skill level 11 in Ranged Weapons
  8711 | D:6      | Found a transporter.
  8782 | D:6      | Reached skill level 12 in Ranged Weapons
  9423 | D:7      | Reached skill level 13 in Ranged Weapons
  9440 | D:7      | Noticed Maggie
  9458 | D:7      | Killed Maggie
  9459 | D:7      | Reached XP level 9. HP: 34/46 MP: 17/17
  9842 | D:7      | Found a runed translucent door.
  9909 | D:7      | Learned a level 4 spell: Cause Fear
 10275 | D:7      | Noticed pigah's ghost (novice OpAE)
 10477 | D:8      | Reached skill level 14 in Ranged Weapons
 10803 | D:8      | Reached ** piety under Ashenzari
 10865 | D:8      | Noticed a two-headed ogre
 10918 | D:8      | Killed a two-headed ogre
 10919 | D:8      | Reached skill level 15 in Ranged Weapons
 11146 | D:8      | Found a radiant altar of Vehumet.
 11159 | D:8      | Learned a level 3 spell: Portal Projectile
 11566 | D:9      | Noticed Grum
 11574 | D:9      | HP: 2/46 [wolf[Grum] (2)]
 11576 | D:8      | Mangled by a wolf

Illustrated notes

Levels and vault maps discovered:
D:1:      lemuel_arrival_broad_hall, layout_rooms,
          shapermc_ecumenical_altar_pompeii
D:2:      layout_basic, grunt_ministairs_6, kennysheep_jessica_study, uniq_robin
D:3:      layout_basic, led_sif_book,
          chequers_temple_overflow_statue_of_worship, minmay_rat_hole
D:4:      layout_basic, mainiacjoe_overflow_divided_tiny, amcnicky_altar_gilded,
          minmay_temple_entry_stoned_glass
D:5:      layout_loops_corners, serial_shops, nicolae_shop_waterfront,
          minmay_misc_feat_secret_circle
D:6:      layout_rooms, nicolae_tso_besieged_by_evil, gammafunk_ghost_arena,
          kennysheep_generic_room_6
D:7:      layout_rooms, ebering_ghost_reflecting_pool, uniq_maggie
D:8:      layout_cave_pods, vehumet_altar_wand_db
D:9:      layout_long_grid, lightli_temple_of_fire, ebering_ghost_xom,
          serial_shops, shop, uniq_joseph, uniq_grum
Temple:   hellmonk_temple_two_chambers

Skill      XL: |  1  2  3  4  5  6  7  8  9 |
---------------+----------------------------+-----
Ranged Weapons | 3 4 5 6 8 10 13 15 | 15.6
Fire Magic     | 1 |  1.8
Hexes          | 5 7 9 |  9.6
Spellcasting   | 3 4 |  4.0
Fighting       | |  0.7
Dodging        | |  2.6

Action                   |  1- 3 |  4- 6 |  7- 9 || total
-------------------------+-------+-------+-------++-------
 Fire: Sling             |   100 |   312 |   300 ||   712
       Shortbow          |       |       |    91 ||    91
 Cast: Slow              |     6 |    18 |    47 ||    71
       Inner Flame       |       |     7 |     9 ||    16
       Cause Fear        |       |       |    10 ||    10
       Portal Projectile |       |       |     1 ||     1
Invok: Curse Item        |       |       |     3 ||     3
Evoke: Wand              |       |       |     3 ||     3
  Use: Potion            |       |     8 |       ||     8
       Scroll            |       |     6 |     3 ||     9
Armor: Robe              |     7 |    34 |    22 ||    63
       Skin              |       |    49 |       ||    49
Dodge: Dodged            |    19 |   102 |   109 ||   230

Table legend: (Time is in decaauts)
 A = Elapsed time spent in this place.
 B = Non-inter-level travel time spent in this place.
 C = Inter-level travel time spent in this place.
 D = Time resting spent in this place.
 E = Time spent auto-exploring this place.
 F = Levels seen in this place.
 G = Mean time per level.
                   A        B        C        D        E       F      G
               +--------+--------+--------+--------+--------+-----+--------+
         Total |  11538 |  11215 |    323 |   2242 |   7468 |  10 | 1153.8 |
       Dungeon |  11511 |  11191 |    320 |   2242 |   7458 |   9 | 1279.0 |
        Temple |     26 |     23 |      3 |      0 |     10 |   1 |   26.0 |
               +--------+--------+--------+--------+--------+-----+--------+

Top non-repeatable levels by time:
     D:3: 2656 daAuts
     D:2: 1527 daAuts
     D:5: 1395 daAuts
     D:1: 1390 daAuts
     D:8: 1242 daAuts
     D:4: 1226 daAuts
     D:6: 1181 daAuts
     D:7: 882 daAuts
  Temple: 26 daAuts
     D:9: 8 daAuts
